 Dungeon Crawl Stone Soup version 0.27.0-1-g7a089689b8 (webtiles) character file.

Game seed: 689836401597718388

79 tylerjbraun the Insei (level 4, -1/35 HPs)
             Began as a Draconian Transmuter on Aug 14, 2021.
             Succumbed to a scorpion's poison
             ... on level 3 of the Dungeon.
             The game lasted 00:15:59 (2303 turns).

tylerjbraun the Insei (Draconian Transmuter)        Turns: 2303, Time: 00:16:00

Health: -1/35      AC:  5    Str: 12    XL:     4   Next: 17%
Magic:  2/7        EV: 12    Int: 13    God:
Gold:   87         SH:  0    Dex: 13    Spells: 4/7 levels left

rFire    . . .     SeeInvis .     - Unarmed
rCold    . . .     Faith    .   (no shield)
rNeg     . . .     Spirit   +   (armour unavailable)
rPois    .         Reflect  .   (helmet restricted)
rElec    .         Harm     .   (no cloak)
rCorr    .         Rampage  .   (no gloves)
Will     .....                  (no boots)
Stlth    ++........             a - amulet of guardian spirit
HPRegen  0.11/turn              (no ring)
MPRegen  0.10/turn              (no ring)

@: lethally poisoned (-1 -> -7)
A: AC +5, unfitting armour, cold-blooded
a: no special abilities


You were on level 3 of the Dungeon.
You visited 1 branch of the dungeon, and saw 3 of its levels.

You collected 87 gold pieces.

Inventory:

Missiles
 d - 2 curare-tipped darts (quivered)
Magical Staves
 e - a staff of poison
Jewellery
 a - an amulet of guardian spirit (around neck)
Scrolls
 b - 2 scrolls of fog
 h - a scroll of magic mapping
Potions
 c - a potion of degeneration
 f - 2 potions of heal wounds {unknown}
 g - a potion of brilliance {unknown}


   Skills:
 + Level 1.1 Fighting
 + Level 2.4 Dodging
 * Level 1.5 Stealth
 + Level 3.5 Unarmed Combat
 + Level 2.4 Spellcasting
 + Level 2.6 Transmutations


You had 4 spell levels left.
You knew the following spells:

 Your Spells              Type           Power      Damage    Failure   Level
a - Beastly Appendage     Tmut           16%        N/A       9%          1
b - Wereblood             Tmut           8%         N/A       13%         2

Your spell library contained the following spells:

 Spells                   Type           Power      Damage    Failure   Level
 Spider Form              Tmut/Pois      2%         N/A       41%         3
 Ice Form                 Ice/Tmut       4%         N/A       82%         4


Dungeon Overview and Level Annotations

Branches:
Dungeon (3/15)

Altars:

Shops:
D:2 (


Innate Abilities, Weirdness & Mutations

Your plain brown scales are hard. (AC +5)
You cannot fit into any form of body armour.
You are cold-blooded and may be slowed by cold attacks.


Message History

You strike the helpless scorpion from behind!
You hit the scorpion but do no damage.
You tail-slap the scorpion, but do no damage.
The scorpion stings you.
You are poisoned.
The scorpion poisons you!
You closely miss the scorpion. Your headbutt misses the scorpion.
You feel very sick. The scorpion closely misses you.
You closely miss the scorpion.
You headbutt the scorpion, but do no damage.
You feel very sick. The scorpion stings you.
You are more poisoned.
The scorpion poisons you! The endoplasm barely misses you.
You hit the scorpion but do no damage. Your headbutt misses the scorpion.
You feel very sick.
The scorpion stings you but does no damage.
The scorpion stings you. The endoplasm freezes you.
You are frozen.
You feel very sick. The endoplasm freezes you.
You are frozen.
* * * LOW HITPOINT WARNING * * *
Okay, then.
As you read the scroll labelled HANUROPHAGG, it crumbles to dust.
The scroll dissolves into smoke.
It was a scroll of fog.
* * * LOW HITPOINT WARNING * * *
You feel sick. The scorpion misses you. The endoplasm freezes you.
You are frozen.
* * * LOW HITPOINT WARNING * * *
You feel yourself slow down.
Your horns disappear.
Your talons disappear.
* * * LOW HITPOINT WARNING * * *
You feel very sick. The endoplasm closely misses you. The scorpion misses you.
You feel yourself speed up.
You die...

.. #.## #..# ......# ##.#
......# .#.## #.## .......
....# #....######...s...
..#.## #.....§@§§#.......
.....# ######§§Js#.......
...#.#############§#......r
.................§§§.......
..#####....................
...........................
.##########................
.# ####................ ##
#......<...##>..####


You could see a scorpion and an endoplasm.

Vanquished Creatures
  2 adders (D:2)
  A worm (D:3)
  A dart slug (D:2)
  3 orcs
  9 bats
  4 endoplasms
  3 giant cockroaches
  3 goblins
  7 hobgoblins
  2 jackals (D:1)
  5 quokkas
  3 ball pythons
  A kobold (D:2)
  A rat (D:2)
45 creatures vanquished.

Notes
Turn   | Place    | Note
-------+----------+-------------------------------------------
     0 | D:1      | tylerjbraun the Draconian Transmuter began the quest for
                  | the Orb.
     0 | D:1      | Reached XP level 1. HP: 16/16 MP: 3/3
   155 | D:1      | Reached XP level 2. HP: 12/23 MP: 3/5
   464 | D:1      | Found a faded altar of an unknown god.
   668 | D:1      | Reached skill level 1 in Stealth
  1146 | D:2      | Found Kemul's Weapon Shoppe.
  1171 | D:2      | Reached XP level 3. HP: 24/28 MP: 3/6
  1960 | D:2      | Reached XP level 4. HP: 33/35 MP: 5/7
  2096 | D:2      | Learned a level 2 spell: Wereblood
  2290 | D:3      | Noticed a scorpion
  2302 | D:3      | HP: 1/35 [poisoned by a scorpion]
  2303 | D:3      | Succumbed to a scorpion's poison

Illustrated notes

Levels and vault maps discovered:
D:1:      dpeg_arrival_rooms_with_view, layout_loops_cross,
          basic_ecumenical_altar, st_stairs_9, hangedman_decor_peaks_small,
          minmay_three_crescents
D:2:      layout_loops_ring, serial_shops, nicolae_shop_stone, minivault_25,
          lightli_corner_chamber
D:3:      minmay_angry_zag, layout_rooms

Skill      XL: |  1  2 |
---------------+-------+-----
Dodging        | 2 |  2.4
Stealth        | 1 |  1.5
Fighting       | |  1.1
Unarmed Combat | |  3.5
Spellcasting   | |  2.4
Transmutations | |  2.6

Action                   |  1- 3 |  4- 6 || total
-------------------------+-------+-------++-------
Melee: Unarmed           |   130 |    17 ||   147
       Headbutt          |    14 |     4 ||    18
       Kick              |    19 |     4 ||    23
       Staff             |     8 |       ||     8
       Tailslap          |     6 |     3 ||     9
       Punch             |     1 |       ||     1
 Cast: Beastly Appendage |    26 |     8 ||    34
  Use: Scroll            |     3 |     1 ||     4
 Stab: Sleeping          |     2 |       ||     2
       Distracted        |       |     1 ||     1
Armor: Skin              |    74 |     3 ||    77
Dodge: Dodged            |   137 |     9 ||   146
